General information
- name: BNet
- type: Ladder team game (AT/RT)
- host: Battle.net
- saver: miguelitito
map: StoneColdMountain
- players: 4
- length: 06:08
- speed: Fast
- version: 1.26 W3XP
- replay type: Public
» download(20 KB)
Players
team 1 (loser)
mvgkazan (
blue | 35 APM | 133 actions | 03:49)
1 Blademaster
1 Critical Strike
» actions
| Basic commands | 1 | |
| Build / train | 16 | |
| Enter build submenu | 5 | |
| Enter hero's abilities submenu | 1 | |
| Remove unit from queue | 1 | |
| Right click | 49 | |
| Select / deselect | 53 | |
| Use ability | 7 | |
133 total
» units
» buildings
| Altar of Storms | 1 | |
| Orc Burrow | 2 | |
| Barracks | 1 | |
| Voodoo Lounge | 1 | |
5 total
» build order
00:08 Altar of Storms
00:11 Orc Burrow
00:36 Barracks
01:27 Voodoo Lounge
01:54 Orc Burrow
» items
| Healing Salve | 2 | |
| Scroll of Speed | 1 | |
3 total
hooj (
red | 130 APM | 485 actions | 03:43)
1 Demon Hunter
1 Mana Burn
» actions
| Assign group hotkey | 7 | |
| Basic commands | 15 | |
| Build / train | 26 | |
| ESC pressed | 1 | |
| Enter build submenu | 5 | |
| Enter hero's abilities submenu | 1 | |
| Right click | 126 | |
| Select / deselect | 55 | |
| Select group hotkey | 235 | |
| Use ability | 14 | |
485 total
» units
» buildings
| Altar of Elders | 1 | |
| Moon Well | 2 | |
| Ancient of War | 1 | |
| Tree of Ages | 1 | |
| Hunter's Hall | 1 | |
6 total
» build order
00:10 Altar of Elders
00:19 Moon Well
00:35 Ancient of War
01:27 Moon Well
02:38 Tree of Ages
03:05 Hunter's Hall
team 2 (winner)
miguelitito (
purple | 51 APM | 311 actions | 06:08)
1 Mountain King
1 Storm Bolt
» actions
| Assign group hotkey | 14 | |
| Build / train | 35 | |
| Enter build submenu | 15 | |
| Enter hero's abilities submenu | 1 | |
| Give item / drop item | 1 | |
| Right click | 134 | |
| Select / deselect | 69 | |
| Select group hotkey | 22 | |
| Use ability | 20 | |
311 total
» units
| Peasant | 11 | |
| Footman | 11 | |
| Rifleman | 3 | |
25 total
» buildings
| Altar of Kings | 1 | |
| Farm | 5 | |
| Barracks | 1 | |
| Arcane Vault | 1 | |
| Scout Tower | 6 | |
| Blacksmith | 1 | |
| Lumber Mill | 1 | |
| Arcane Tower | 5 | |
| Guard Tower | 1 | |
22 total
» build order
00:06 Altar of Kings
00:08 Farm
00:39 Barracks
01:08 Farm
01:18 Arcane Vault
01:51 Farm
02:37 Farm
04:03 Scout Tower
04:05 Scout Tower
04:12 Blacksmith
04:20 Farm
04:43 Scout Tower
04:44 Scout Tower
04:53 Lumber Mill
05:03 Arcane Tower
05:11 Arcane Tower
05:11 Arcane Tower
05:21 Arcane Tower
05:24 Scout Tower
05:27 Scout Tower
05:33 Arcane Tower
06:05 Guard Tower
» items

»
nik_martinos (
green | 47 APM | 182 actions | 03:49)
1 Mountain King
1 Storm Bolt
» actions
| Build / train | 13 | |
| Enter build submenu | 10 | |
| Enter hero's abilities submenu | 1 | |
| Right click | 71 | |
| Select / deselect | 73 | |
| Use ability | 14 | |
182 total
» units
» buildings
| Barracks | 2 | |
| Farm | 4 | |
| Altar of Kings | 1 | |
| Scout Tower | 1 | |
| Arcane Tower | 1 | |
| Arcane Vault | 1 | |
10 total
» build order
00:05 Barracks
00:08 Barracks
00:13 Farm
00:16 Altar of Kings
00:49 Farm
01:49 Scout Tower
01:56 Farm
02:02 Farm
02:40 Arcane Tower
03:13 Arcane Vault
Chat log
(00:16 / Allies) miguelitito: hi
(00:20 / Allies) nik_martinos: hi
(00:21 / Allies) nik_martinos: from?
(00:23 / Allies) miguelitito: blood wizard , or mountain ?
(00:32 / Allies) nik_martinos: i?
(00:47 / Allies) miguelitito: dual mountain king ok ?
(00:54 / Allies) miguelitito: and footmans ?
(00:59 / Allies) nik_martinos: i king
(01:00 / Allies) miguelitito: tell me fast
(01:01 / Allies) miguelitito: ok
(01:35 / Allies) miguelitito: lets rush a little
(01:38 / Allies) miguelitito: ?
(01:42 / Allies) nik_martinos: ok